 Dungeon Crawl Stone Soup version 0.31-a0-187-gba352fbbf7 (webtiles) character file.

Game seed: 1865597030429058008

155 IdlyInterested the Trooper (level 5, 0/43 HPs)
             Began as a Demonspawn Fighter on June 22, 2023.
             Slain by a cerulean imp
             ... wielding a +0 spear
             ... summoned by Natasha
              (4 damage)
             ... on level 3 of the Dungeon.
             The game lasted 00:06:37 (2971 turns).

IdlyInterested the Trooper (Demonspawn Fighter)     Turns: 2971, Time: 00:06:38

Health: 0/43       AC:  6    Str: 18    XL:     5   Next: 14%
Magic:  5/5        EV: 10    Int: 10    God:
Gold:   92         SH:  0    Dex: 12    Spells: 4/4 levels left

rFire   . . .        a - +0 trident
rCold   . . .        (no shield)
rNeg    . . .        b - +0 scale mail
rPois   .            (helmet restricted)
rElec   .            (no cloak)
rCorr   .            (no gloves)
SInv    .            (no boots)
Will    .....        p - amulet of regeneration Stlth
                     (no ring)
HPRegen 1.07/turn    (no ring)
MPRegen 0.09/turn

%: no passive effects
@: slowed, very slow
A: antennae 1, claws 1, powered by pain 1
a: no special abilities


You were on level 3 of the Dungeon.
You visited 1 branch of the dungeon, and saw 3 of its levels.

You collected 92 gold pieces.

Inventory:

Hand Weapons
 a - a +0 trident (weapon)
Missiles
 k - 25 stones (quivered)
Armour
 b - a +0 scale mail (worn)
 c - a +0 buckler
 o - a scarf of harm
Jewellery
 p - an amulet of regeneration (around neck)
 t - an amulet of guardian spirit
Wands
 q - a wand of paralysis (4)
Scrolls
 f - a scroll of brand weapon {unknown}
 g - a scroll of fear {unknown}
 h - 2 scrolls of blinking {unknown}
 i - a scroll of enchant armour {unknown}
 m - 3 scrolls of identify {unknown}
 s - 3 scrolls of vulnerability {unknown}
Potions
 d - 2 potions of might
 e - a potion of mutation {unknown}
 j - a potion of cancellation {unknown}
 l - a potion of degeneration {unknown}
 n - 3 potions of enlightenment
 r - a potion of curing


   Skills:
 + Level 4.3 Fighting
 - Level 2.0 Polearms
 - Level 3.0 Armour
 - Level 3.0 Dodging
 - Level 2.6 Shields
 * Level 0.0 Unarmed Combat


You had 4 spell levels left.
You didn't know any spells.
Your spell library was empty.

Dungeon Overview and Level Annotations

Branches:
Dungeon (3/15)

Altars:

Annotations:
D:3 Natasha


Innate Abilities, Weirdness & Mutations

You have a pair of small antennae on your head.
You have sharp fingernails.
You sometimes gain a little power by taking damage.


Message History

You hit Natasha.
Natasha is heavily wounded.
Natasha casts a spell at you. The magic dart hits you.
The cerulean imp hits you but does no damage.
The cerulean imp barely misses you.
Natasha hisses.
Natasha closely misses you.
The cerulean imp hits you but does no damage.
You closely miss Natasha.
Natasha is heavily wounded.
The cerulean imp hits you but does no damage.
Natasha claws you. The cerulean imp barely misses you.
The cerulean imp hits you from afar with a +0 spear.
Natasha casts a spell.
You barely miss Natasha.
Natasha is heavily wounded.
The cerulean imp disappears in a puff of smoke!
The cerulean imp barely misses you. Natasha claws you!
The cerulean imp hits you from afar with a +0 spear.
The cerulean imp hits you but does no damage.
Natasha casts a spell at you. The magic dart hits you.
You hit Natasha.
Natasha is almost dead.
The cerulean imp hits you but does no damage.
The cerulean imp misses you. Natasha claws you.
The cerulean imp hits you but does no damage. x2
Natasha claws you!
* * * LOW HITPOINT WARNING * * *
You feel better.
The cerulean imp hits you from afar with a +0 spear.
* * * LOW HITPOINT WARNING * * *
The cerulean imp hits you from afar with a +0 spear.
* * * LOW HITPOINT WARNING * * *
Natasha stares at you and mumbles some strange words.
The magic dart hits you.
* * * LOW HITPOINT WARNING * * *
The cerulean imp hits you from afar with a +0 spear.
You die...

### #..........### #.##
#............. #..########
#####..........### ##........#
#......##..###.... #####...####.#
#.....[##..####..#
#...##...###.###......##><..###.#
..........##............)##.....#
...........####...5....####...#.#
...............#@.##.....###....#
...........###..h.#####..........
...............5.>...............
#...##..........ยง.#..#.......#...
#######.##..............##...#..#
#.##........####...##...#.#
##.#####............##.#.#.#
#...................##.#.#..
#........#...........#.#)...


You could see Natasha and 2 cerulean imps.

Vanquished Creatures
  Jessica (D:3)
  Natasha (twice) (D:3)
  3 adders (D:3)
  A dart slug (D:3)
  An orc (D:3)
  4 bats
  6 endoplasms
  A giant cockroach (D:1)
  5 goblins
  4 hobgoblins
  A quokka (D:3)
  8 ball pythons
  3 frilled lizards
  8 kobolds
  5 rats
53 creatures vanquished.

Notes
Turn   | Place    | Note
-------+----------+-------------------------------------------
     0 | D:1      | IdlyInterested the Demonspawn Fighter began the quest for
                  | the Orb.
     0 | D:1      | Reached XP level 1. HP: 18/18 MP: 1/1
   375 | D:1      | Discovered your monstrous ancestry.
   375 | D:1      | Gained mutation: You have a pair of small antennae on your
                  | head. [demonic ancestry]
   375 | D:1      | Reached XP level 2. HP: 23/24 MP: 2/2
  1194 | D:2      | Reached skill level 1 in Dodging
  1493 | D:2      | Gained mutation: You have sharp fingernails. [demonic
                  | ancestry]
  1493 | D:2      | Reached XP level 3. HP: 29/29 MP: 3/3
  2390 | D:3      | Noticed Jessica
  2429 | D:3      | Killed Jessica
  2430 | D:3      | Gained mutation: You sometimes gain a little power by
                  | taking damage. [demonic ancestry]
  2430 | D:3      | Reached XP level 4. HP: 37/37 MP: 4/4
  2486 | D:3      | Reached skill level 4 in Fighting
  2489 | D:3      | Noticed Natasha
  2503 | D:3      | Killed Natasha
  2576 | D:3      | Found a faded altar of an unknown god.
  2767 | D:3      | Noticed Natasha
  2779 | D:3      | Killed Natasha
  2780 | D:3      | Reached XP level 5. HP: 36/43 MP: 5/5
  2959 | D:3      | Noticed Natasha
  2971 | D:3      | Slain by a cerulean imp

Illustrated notes

Levels and vault maps discovered:
D:1:      onia_arrival_pyramid, layout_basic, minmay_misc_feat_square
D:2:      layout_basic, amcnicky_mini_rare_corridor_liquid
D:3:      layout_rooms, ebering_ecumenical_altar_hall, uniq_jessica,
          uniq_natasha

Skill      XL: |  1  2  3  4 |
---------------+-------------+-----
Polearms       | 2 |  2.0
Armour         | 3 |  3.0
Dodging        | 1 2 3 |  3.0
Fighting       | 4 |  4.3
Shields        | |  2.6

Action                     |  1- 3 |  4- 6 || total
---------------------------+-------+-------++-------
  Melee: Trident           |   157 |    49 ||   206
  Throw: Stone             |     1 |       ||     1
    Use: Potion            |     1 |     1 ||     2
 Armour: Scale mail        |    71 |    27 ||    98
  Dodge: Dodged            |    68 |    33 ||   101
  Block: Buckler           |    36 |     3 ||    39

Table legend: (Time is in decaauts)
 A = Elapsed time spent in this place.
 B = Non-inter-level travel time spent in this place.
 C = Inter-level travel time spent in this place.
 D = Time resting spent in this place.
 E = Time spent auto-exploring this place.
 F = Levels seen in this place.
 G = Mean time per level.
                   A        B        C        D        E       F      G
               +--------+--------+--------+--------+--------+-----+--------+
         Total |   3030 |   2256 |    774 |    178 |   1442 |   3 | 1010.0 |
       Dungeon |   3030 |   2256 |    774 |    178 |   1442 |   3 | 1010.0 |
               +--------+--------+--------+--------+--------+-----+--------+

Top non-repeatable levels by time:
     D:1: 1278 daAuts
     D:3: 877 daAuts
     D:2: 874 daAuts
